 Dungeon Crawl Stone Soup version 0.23.2-11-gf996548c65 (webtiles) character file.

Game seed: 7933656392630472574

391 HASTUR3 the Sneak (level 6, -8/37 HPs)
             Began as an Octopode Monk on June 4, 2019.
             Was a Priest of Cheibriados.
             Killed by divine providence
             ... invoked by an orc priest
              (15 damage)
             ... on level 4 of the Dungeon.
             The game lasted 00:14:46 (3219 turns).

HASTUR3 the Sneak (Octopode Monk)                   Turns: 3219, Time: 00:14:47

Health: -8/37      AC:  1    Str: 18    XL:     6   Next: 80%
Magic:  7/7        EV: 16    Int: 18    God:    Cheibriados [***...]
Gold:   167        SH:  0    Dex: 21    Spells: 5/5 levels left

rFire    + . .     SeeInvis .     - Unarmed
rCold    . . .     Gourm    .   (no shield)
rNeg     . . .     Faith    .   (helmet restricted)
rPois    .         Spirit   .   (no amulet)
rElec    .         Reflect  .   (no ring)
rCorr    .         Harm     .   (no ring)
MR       .....                  (no ring)
Stlth    +++++.....             (no ring)
HPRegen  0.12/turn              (no ring)
MPRegen  0.10/turn              (no ring)
                                (no ring)
                                (no ring)

@: lethally poisoned (-8 -> -20), flying, very slow
A: almost no armour, stealthy swim, amphibious, 8 rings, constrict 8, camouflage
1, deterioration 1, fire resistance 1, frail 1, gelatinous body 1
a: Bend Time, Temporal Distortion, Renounce Religion


You were on level 4 of the Dungeon.
You worshipped Cheibriados.
Cheibriados was most pleased with you.
You were not hungry.

You visited 1 branch of the dungeon, and saw 4 of its levels.

You collected 167 gold pieces.

Inventory:

Jewellery
 m - an uncursed ring of magical power {unknown}
 p - a +2 amulet of reflection {unknown}
 r - a +3 ring of evasion {unknown}
Wands
 s - a wand of polymorph (11)
Scrolls
 f - a scroll of noise {unknown}
 g - 6 scrolls of identify {unknown}
 h - 4 scrolls of remove curse {unknown}
 l - 2 scrolls of teleportation {unknown}
 n - 2 scrolls of immolation {unknown}
 o - 2 scrolls of enchant weapon {unknown}
 q - a scroll of magic mapping {unknown}
Potions
 b - 3 potions of heal wounds
 c - 2 potions of agility
 d - a potion of flight
 e - 2 potions of mutation
 i - a potion of might {unknown}
 k - a potion of degeneration {unknown}
Comestibles
 a - 5 rations
 j - 6 chunks of flesh


   Skills:
 - Level 3.1 Fighting
 + Level 4.3 Dodging
 * Level 7.0 Stealth
 + Level 4.3 Unarmed Combat
 + Level 1.9 Invocations


You had 5 spell levels left.
You didn't know any spells.
Your spell library was empty.

Dungeon Overview and Level Annotations

Branches:
Dungeon (4/15)
 Temple: D:4-7

Altars:
Cheibriados
Dithmenos
Hepliaklqana
Kikubaaqudgha
Makhleb
Sif Muna
Trog
Vehumet
Xom


Innate Abilities, Weirdness & Mutations

You cannot wear most types of armour.
You are very stealthy in the water. (Stealth+)
You are amphibious.
You can wear up to eight rings at the same time.
You can use your tentacles to constrict eight enemies at once.
Your skin changes colour to match your surroundings (Stealth+).
Your rubbery body absorbs attacks. (AC +1, EV +1)
Your body sometimes deteriorates upon taking damage.
Your flesh is heat resistant. (rF+)
You are frail. (-10% HP)


Message History

The orc shouts!
You tentacle-slap the orc wizard. You squeeze the orc wizard.
You kill the orc wizard!
Cheibriados appreciates the change of pace.
Your Stealth skill increases to level 7!
You feel sick.
Unknown command.
It was a potion of mutation.
You feel extremely strange.
You feel yourself wasting away.
You feel frail.
You feel resistant to heat.
You feel sick. The orc hits you with a +0 club.
* * * LOW HITPOINT WARNING * * *
It was a potion of flight.
You feel very buoyant.
You fly up into the air.
* * * LOW HITPOINT WARNING * * *
You feel sick. The orc hits you with a +0 club.
* * * LOW HITPOINT WARNING * * *
The orc priest mumbles some strange prayers to Beogh against you.
Beogh smites you!
You die...

.# .>. #+ #.# #.
#.## #. ... ###.
#.#####.
#...#####......h
#oo@....#
#.####..####...
#)# #.รท.......
#o# ##.#####..
#.# #.....#
#o#####.....#
.o..........#
########....#
#....#


You could see an orc priest and an orc.

Vanquished Creatures
  Edmund (D:4)
  A hound (D:4)
  Jessica (D:2)
  2 orc wizards (D:4)
  8 adders
  An ooze (D:3)
  An adder zombie (D:2)
  3 worms (D:2)
  2 dart slugs
  3 leopard geckos
  3 orcs (D:3)
  2 ball pythons (D:2)
  5 giant cockroaches
  7 goblins
  5 hobgoblins
  6 jackals (D:3)
  7 bats
  5 frilled lizards
  10 kobolds
  7 rats
80 creatures vanquished.

Vanquished Creatures (others)
  4 toadstools (D:1)
4 creatures vanquished.

Grand Total: 84 creatures vanquished

Notes
Turn   | Place    | Note
-------+----------+-------------------------------------------
     0 | D:1      | HASTUR3 the Octopode Monk began the quest for the Orb.
     0 | D:1      | Reached XP level 1. HP: 16/16 MP: 1/1
   159 | D:1      | Reached skill level 3 in Stealth
   345 | D:1      | Reached XP level 2. HP: 21/21 MP: 2/2
  1076 | D:2      | Reached XP level 3. HP: 26/26 MP: 3/3
  1128 | D:2      | Reached skill level 4 in Stealth
  1504 | D:2      | Noticed Jessica
  1507 | D:2      | Killed Jessica
  1507 | D:2      | Reached XP level 4. HP: 24/31 MP: 4/4
  1524 | D:2      | Reached skill level 5 in Stealth
  1899 | D:2      | Reached XP level 5. HP: 33/36 MP: 5/5
  2309 | D:3      | Found a snail-covered altar of Cheibriados.
  2337 | D:3      | Became a worshipper of Cheibriados the Contemplative
  2337 | D:3      | Reached * piety under Cheibriados
  2337 | D:3      | Reached ** piety under Cheibriados
  2637 | D:3      | Found an ancient bone altar of Kikubaaqudgha.
  2640 | D:3      | Found a snail-covered altar of Cheibriados.
  2641 | D:3      | Found a deep blue altar of Sif Muna.
  2641 | D:3      | Found a bloodstained altar of Trog.
  2641 | D:3      | Found a radiant altar of Vehumet.
  2642 | D:3      | Found a shadowy altar of Dithmenos.
  2644 | D:3      | Found a shimmering altar of Xom.
  2645 | D:3      | Found a burning altar of Makhleb.
  2646 | D:3      | Found a hazy altar of Hepliaklqana.
  3122 | D:4      | Noticed Edmund
  3139 | D:4      | Killed Edmund
  3139 | D:4      | Reached skill level 6 in Stealth
  3139 | D:4      | Reached skill level 1 in Invocations
  3139 | D:4      | Reached XP level 6. HP: 37/42 MP: 5/7
  3158 | D:4      | Reached *** piety under Cheibriados
  3217 | D:4      | Reached skill level 7 in Stealth
  3218 | D:4      | Gained mutation: Your body sometimes deteriorates upon
                  | taking damage. [potion of mutation]
  3218 | D:4      | Gained mutation: You are frail. (-10% HP) [potion of
                  | mutation]
  3218 | D:4      | Gained mutation: Your flesh is heat resistant. (rF+)
                  | [potion of mutation]
  3219 | D:4      | Killed from afar by an orc priest

Skill      XL: |  1  2  3  4  5  6 |
---------------+-------------------+-----
Stealth        | 3 4 5 6 7 |  7.0
Unarmed Combat | 4 |  4.3
Dodging        | 4 |  4.3
Invocations    | 1 |  1.9
Fighting       | |  3.1

Action                   |  1- 3 |  4- 6 || total
-------------------------+-------+-------++-------
Melee: Unarmed           |    78 |   117 ||   195
       Constrict         |    27 |    28 ||    55
       Tentacles         |    20 |    21 ||    41
       Punch             |       |     6 ||     6
  Use: Potion            |       |     3 ||     3
 Stab: Sleeping          |     8 |    21 ||    29
       Distracted        |     1 |       ||     1
  Eat: Chunk             |     2 |     4 ||     6
Armor: Skin              |       |     4 ||     4
Dodge: Dodged            |    32 |    57 ||    89
